| TOP OF THE 1ST |
|
Carolina Mudcats batting - Pitching for Visalia Rawhide : RHP Corey Davis
|
|
Pitching: RHP Corey Davis
|
|
|
Batting: RHB Andres Falcon
|
0-0: Ball 1-0: Reached on error, E4 (Groundball, 4, EV 100.6 MPH)
|
|
Batting: RHB Joey Arboleda
|
0-0: Ball 1-0: Grounds into double play, 6-4-3 (Groundball, 6, EV 82.5 MPH)
|
|
Batting: LHB Miles Peeters
|
0-0: Called Strike 0-1: Ground out U3 (Groundball, 3S, EV 63.8 MPH)
|
| Top of the 1st over - 0 runs, 0 hits, 1 error, 0 left on base; Carolina 0 - Visalia 0 |
| BOTTOM OF THE 1ST |
|
Visalia Rawhide batting - Pitching for Carolina Mudcats : RHP Tony Acevedo
|
|
Pitching: RHP Tony Acevedo
|
|
|
Batting: RHB Mike Dagley
|
0-0: Ball 1-0: Ground out 6-3 (Groundball, 6, EV 87.5 MPH)
|
|
Batting: RHB Keith Turner
|
0-0: Called Strike 0-1: Ball 1-1: Ball 2-1: Foul Ball, location: 2F 2-2: Foul Ball, location: 2F 2-2: Strikes out swinging
|
|
Batting: RHB Jose Garcia
|
0-0: Called Strike 0-1: Swinging Strike 0-2: Ground out 3-1 (Groundball, 13, EV 85.6 MPH)
|
| Bottom of the 1st over - 0 runs, 0 hits, 0 errors, 0 left on base; Carolina 0 - Visalia 0 |
| TOP OF THE 2ND |
|
Carolina Mudcats batting - Pitching for Visalia Rawhide : RHP Corey Davis
|
|
Batting: RHB Jason Andrews
|
0-0: Fly out, F7 (Flyball, 78D, EV 83.1 MPH)
|
|
Batting: RHB Jesse Villa
|
0-0: Foul Ball, location: 2F 0-1: Fly out, F7 (Flyball, 78D, EV 102.5 MPH)
|
|
Batting: RHB Adrian Gonzalez
|
0-0: Swinging Strike 0-1: Foul Ball, location: 2F 0-2: Foul Ball, location: 2F 0-2: Strikes out looking
|
| Top of the 2nd over - 0 runs, 0 hits, 0 errors, 0 left on base; Carolina 0 - Visalia 0 |
| BOTTOM OF THE 2ND |
|
Visalia Rawhide batting - Pitching for Carolina Mudcats : RHP Tony Acevedo
|
|
Batting: RHB Jose Valdez
|
0-0: Called Strike 0-1: Foul Ball, location: 2F 0-2: Foul Ball, location: 2F 0-2: Ball 1-2: SINGLE (Groundball, 6MD, EV 105.6 MPH)
|
|
Batting: RHB Toshiaki Kumagai
|
0-0: Called Strike 0-1: Ball 1-1: Ball 2-1: Swinging Strike 2-2: Strikes out swinging
|
|
Batting: RHB Chris Burstein
|
0-0: Called Strike 0-1: Swinging Strike 0-2: Ball Jose Valdez steals 2nd base (no throw) 1-2: Foul Ball, location: 2F 1-2: Ball 2-2: Ball 3-2: Base on Balls
|
|
Batting: LHB Chris Coleman
|
0-0: SINGLE (Groundball, 56D, EV 106.3 MPH) Jose Valdez to third Chris Burstein to second Runner from 3rd tries for Home, SAFE, throw by LF to home
|
|
Batting: RHB Hang-ki Yin
|
0-0: Called Strike 0-1: Called Strike 0-2: Ball 1-2: Ball 2-2: Strikes out swinging
|
|
Batting: SHB Corey Davis
|
0-0: Called Strike 0-1: Foul Ball, location: 2F 0-2: Ball 1-2: Ball 2-2: Ball 3-2: Strikes out swinging
|
| Bottom of the 2nd over - 1 run, 2 hits, 0 errors, 2 left on base; Carolina 0 - Visalia 1 |
| TOP OF THE 3RD |
|
Carolina Mudcats batting - Pitching for Visalia Rawhide : RHP Corey Davis
|
|
Batting: RHB Jose Restrepo
|
0-0: Ground out U3 (Groundball, 34, EV 81.9 MPH)
|
|
Batting: RHB Ricky Fernandez
|
0-0: Ground out 4-3 (Groundball, 34, EV 99.4 MPH)
|
|
Batting: RHB Tony Acevedo
|
0-0: SINGLE (Line Drive, 56, EV 102.5 MPH)
|
|
Batting: RHB Andres Falcon
|
0-0: Ball 1-0: Called Strike 1-1: Ball 2-1: Fielders Choice at 2nd, 5-4 (Groundball, 5, EV 80.6 MPH)
|
| Top of the 3rd over - 0 runs, 1 hit, 0 errors, 1 left on base; Carolina 0 - Visalia 1 |
| BOTTOM OF THE 3RD |
|
Visalia Rawhide batting - Pitching for Carolina Mudcats : RHP Tony Acevedo
|
|
Batting: RHB Mike Dagley
|
0-0: Fly out, F7 (Flyball, 7LM, EV 88.1 MPH)
|
|
Batting: RHB Keith Turner
|
0-0: Fly out, F8 (Flyball, 78M, EV 83.1 MPH)
|
|
Batting: RHB Jose Garcia
|
0-0: Called Strike 0-1: Foul Ball, location: 2F 0-2: Strikes out swinging
|
| Bottom of the 3rd over - 0 runs, 0 hits, 0 errors, 0 left on base; Carolina 0 - Visalia 1 |
| TOP OF THE 4TH |
|
Carolina Mudcats batting - Pitching for Visalia Rawhide : RHP Corey Davis
|
|
Batting: RHB Joey Arboleda
|
0-0: Called Strike 0-1: Ball 1-1: Ball 2-1: Called Strike 2-2: Ground out 6-3 (Groundball, 56, EV 101.3 MPH)
|
|
Batting: LHB Miles Peeters
|
0-0: Ball 1-0: SOLO HOME RUN (Flyball, 9D, EV 85.0 MPH), Distance : 364 ft
|
|
Batting: RHB Jason Andrews
|
0-0: Called Strike 0-1: Called Strike 0-2: Ball 1-2: Ball 2-2: Foul Ball, location: 2F 2-2: Foul Ball, location: 2F 2-2: Ball 3-2: Reached on error, E6 (Groundball, 6, EV 96.9 MPH)
|
|
Batting: RHB Jesse Villa
|
0-0: Ball 1-0: Ball 2-0: Called Strike 2-1: Called Strike 2-2: Strikes out swinging Jason Andrews steals 2nd base Batter strikes out.
|
|
Batting: RHB Adrian Gonzalez
|
0-0: Ball 1-0: Ball 2-0: Called Strike 2-1: Foul Ball, location: 2F 2-2: Strikes out swinging
|
| Top of the 4th over - 1 run, 1 hit, 1 error, 1 left on base; Carolina 1 - Visalia 1 |
| BOTTOM OF THE 4TH |
|
Visalia Rawhide batting - Pitching for Carolina Mudcats : RHP Tony Acevedo
|
|
Batting: RHB Jose Valdez
|
0-0: Reached on error, E8 (Flyball, 78M, EV 90.0 MPH)
|
|
Batting: RHB Toshiaki Kumagai
|
0-0: Ball 1-0: Called Strike 1-1: Foul Ball, location: 2F 1-2: Foul Ball, location: 2F 1-2: Ball 2-2: Foul Ball, location: 2F 2-2: Ball 3-2: Grounds into double play, 6-4-3 (Groundball, 6, EV 76.9 MPH)
|
|
Batting: RHB Chris Burstein
|
0-0: Ball 1-0: Ball 2-0: Called Strike 2-1: Ball 3-1: Base on Balls
|
|
Batting: LHB Chris Coleman
|
0-0: SINGLE (Groundball, 3D, EV 103.1 MPH) Chris Burstein to second Runner from 2nd tries for 3rd, OUT! 9-5
|
| Bottom of the 4th over - 0 runs, 1 hit, 1 error, 1 left on base; Carolina 1 - Visalia 1 |
| TOP OF THE 5TH |
|
Carolina Mudcats batting - Pitching for Visalia Rawhide : RHP Corey Davis
|
|
Batting: RHB Jose Restrepo
|
0-0: Called Strike 0-1: Foul Ball, location: 2F 0-2: Ball 1-2: Foul Ball, location: 2F 1-2: Fly out, F9 (Flyball, 9, EV 86.3 MPH)
|
|
Batting: RHB Ricky Fernandez
|
0-0: Ball 1-0: DOUBLE (Line Drive, 9LM, EV 111.3 MPH)
|
|
Batting: RHB Tony Acevedo
|
0-0: Called Strike 0-1: Ball 1-1: Foul Ball, location: 2F 1-2: Strikes out swinging
|
|
Batting: RHB Andres Falcon
|
0-0: Ball 1-0: Ball 2-0: Ground out 6-3 (Groundball, 6, EV 101.9 MPH)
|
| Top of the 5th over - 0 runs, 1 hit, 0 errors, 1 left on base; Carolina 1 - Visalia 1 |
| BOTTOM OF THE 5TH |
|
Visalia Rawhide batting - Pitching for Carolina Mudcats : RHP Tony Acevedo
|
|
Batting: RHB Hang-ki Yin
|
0-0: SINGLE (Groundball, 6MD, EV 101.3 MPH)
|
|
Batting: SHB Corey Davis
|
0-0: Bunt missed! 0-1: Bunted foul 0-2: Bunt missed, Strikeout!
|
|
Batting: RHB Mike Dagley
|
0-0: Ball 1-0: Swinging Strike 1-1: Foul Ball, location: 2F 1-2: 2-RUN HOME RUN (Flyball, 7D, EV 93.1 MPH), Distance : 369 ft
|
|
Batting: RHB Keith Turner
|
0-0: Fly out, F7 (Flyball, 7LM, EV 91.3 MPH)
|
|
Batting: RHB Jose Garcia
|
0-0: Ball 1-0: Ball 2-0: Ball 3-0: Called Strike 3-1: SINGLE (Line Drive, 34D, EV 96.3 MPH)
|
|
Batting: RHB Jose Valdez
|
0-0: Foul Ball, location: 2F 0-1: Swinging Strike 0-2: Strikes out swinging
|
| Bottom of the 5th over - 2 runs, 3 hits, 0 errors, 1 left on base; Carolina 1 - Visalia 3 |
| TOP OF THE 6TH |
|
Carolina Mudcats batting - Pitching for Visalia Rawhide : RHP Corey Davis
|
|
Batting: RHB Joey Arboleda
|
0-0: Ball 1-0: Called Strike 1-1: Ball 2-1: Called Strike 2-2: Foul Ball, location: 2F 2-2: Ball 3-2: Strikes out looking
|
|
Batting: LHB Miles Peeters
|
0-0: Called Strike 0-1: Ball 1-1: Foul Ball, location: 2F 1-2: Ball 2-2: Foul Ball, location: 2F 2-2: Strikes out swinging
|
|
Batting: RHB Jason Andrews
|
0-0: Ball 1-0: SINGLE (Groundball, 56S, EV 71.3 MPH) (infield hit)
|
|
Batting: RHB Jesse Villa
|
0-0: Ball 1-0: Called Strike 1-1: Ball 2-1: Foul Ball, location: 2F 2-2: Strikes out swinging, 2-3 out at first.
|
| Top of the 6th over - 0 runs, 1 hit, 0 errors, 1 left on base; Carolina 1 - Visalia 3 |
| BOTTOM OF THE 6TH |
|
Visalia Rawhide batting - Pitching for Carolina Mudcats : RHP Tony Acevedo
|
|
Pitching: LHP David Meadows
|
|
|
Now at 3B: Juan Montijo
|
|
|
Batting: RHB Toshiaki Kumagai
|
0-0: Called Strike 0-1: Ball 1-1: Swinging Strike 1-2: Foul Ball, location: 2F 1-2: Foul Ball, location: 2F 1-2: Strikes out swinging
|
|
Batting: RHB Chris Burstein
|
0-0: Ball 1-0: Foul Ball, location: 2F 1-1: Fly out, F8 (Flyball, 8RD, EV 100.6 MPH)
|
|
Batting: LHB Chris Coleman
|
0-0: Ball 1-0: Foul Ball, location: 2F 1-1: Ball 2-1: Foul Ball, location: 2F 2-2: Foul Ball, location: 2F 2-2: Foul Ball, location: 2F 2-2: Strikes out swinging
|
| Bottom of the 6th over - 0 runs, 0 hits, 0 errors, 0 left on base; Carolina 1 - Visalia 3 |
| TOP OF THE 7TH |
|
Carolina Mudcats batting - Pitching for Visalia Rawhide : RHP Corey Davis
|
|
Pitching: RHP Andrew Clubb
|
|
|
Batting: RHB Adrian Gonzalez
|
0-0: Ball 1-0: Ball 2-0: Called Strike 2-1: Foul Ball, location: 2F 2-2: Strikes out swinging
|
|
Batting: RHB Jose Restrepo
|
0-0: Ball 1-0: Ball 2-0: Fly out, F6 (Popup, 6MS, EV 76.9 MPH)
|
|
Batting: RHB Ricky Fernandez
|
0-0: Called Strike 0-1: Swinging Strike 0-2: Foul Ball, location: 2F 0-2: Ball 1-2: Fly out, F8 (Flyball, 78D, EV 98.8 MPH)
|
| Top of the 7th over - 0 runs, 0 hits, 0 errors, 0 left on base; Carolina 1 - Visalia 3 |
| BOTTOM OF THE 7TH |
|
Visalia Rawhide batting - Pitching for Carolina Mudcats : LHP David Meadows
|
|
Batting: RHB Hang-ki Yin
|
0-0: Ball 1-0: Swinging Strike 1-1: Foul Ball, location: 2F 1-2: Strikes out looking
|
|
Pinch Hitting: RHB Cody Anderson
|
0-0: Ground out 5-3 (Groundball, 56S, EV 93.1 MPH)
|
|
Batting: RHB Mike Dagley
|
0-0: Ball 1-0: Foul Ball, location: 2F 1-1: Swinging Strike 1-2: Ball 2-2: Ball 3-2: Strikes out swinging
|
| Bottom of the 7th over - 0 runs, 0 hits, 0 errors, 0 left on base; Carolina 1 - Visalia 3 |
| TOP OF THE 8TH |
|
Carolina Mudcats batting - Pitching for Visalia Rawhide : RHP Andrew Clubb
|
|
Pitching: RHP John Grashel
|
|
|
Batting: RHB Juan Montijo
|
0-0: Ball 1-0: Called Strike 1-1: DOUBLE (Flyball, 78D, EV 111.3 MPH)
|
|
Batting: RHB Andres Falcon
|
0-0: Called Strike 0-1: Foul Ball, location: 2F 0-2: Ball 1-2: Ball 2-2: Ball 3-2: SINGLE (Line Drive, 6D, EV 108.1 MPH) Juan Montijo to third
|
|
Batting: RHB Joey Arboleda
|
0-0: Foul Ball, location: 2F 0-1: Grounds into double play, 6-4-3 (Groundball, 6, EV 80.6 MPH) Juan Montijo scores
|
|
Batting: LHB Miles Peeters
|
0-0: Ball 1-0: Ball 2-0: Called Strike 2-1: Called Strike 2-2: SINGLE (Line Drive, 8RS, EV 94.4 MPH)
|
|
Batting: RHB Jason Andrews
|
0-0: Swinging Strike 0-1: Called Strike 0-2: Strikes out swinging
|
| Top of the 8th over - 1 run, 3 hits, 0 errors, 1 left on base; Carolina 2 - Visalia 3 |
| BOTTOM OF THE 8TH |
|
Visalia Rawhide batting - Pitching for Carolina Mudcats : LHP David Meadows
|
|
Pitching: RHP Jon Carranza
|
|
|
Batting: RHB Keith Turner
|
0-0: Ground out 6-3 (Groundball, 6, EV 86.9 MPH)
|
|
Batting: RHB Jose Garcia
|
0-0: Called Strike 0-1: Ball 1-1: SINGLE (Groundball, 6MD, EV 105.0 MPH)
|
|
Batting: RHB Jose Valdez
|
0-0: Ball 1-0: Ball 2-0: Called Strike 2-1: Swinging Strike 2-2: Strikes out swinging
|
|
Batting: RHB Toshiaki Kumagai
|
0-0: Called Strike 0-1: Ball 1-1: Foul Ball, location: 2F 1-2: Ball 2-2: Ball 3-2: Ground out U3 (Groundball, 34, EV 96.3 MPH)
|
| Bottom of the 8th over - 0 runs, 1 hit, 0 errors, 1 left on base; Carolina 2 - Visalia 3 |
| TOP OF THE 9TH |
|
Carolina Mudcats batting - Pitching for Visalia Rawhide : RHP John Grashel
|
|
Now at 1B: Harry Krull
|
|
|
Pinch Hitting: RHB Jerry Delgado
|
0-0: Called Strike 0-1: Ground out U3 (Groundball, 3, EV 87.5 MPH)
|
|
Pitching: RHP Keith Morrissette
|
|
|
Now at 2B: Mike Blunk
|
|
|
Pinch Hitting: SHB Elijah Jackson
|
0-0: Swinging Strike 0-1: Fly out, F7 (Flyball, 7S, EV 85.6 MPH)
|
|
Batting: RHB Jose Restrepo
|
0-0: Ball 1-0: Foul Ball, location: 2F 1-1: Ball 2-1: SINGLE (Groundball, 34D, EV 95.6 MPH)
|
|
Pinch Hitting: RHB Teruo Nakayama
|
0-0: Ball 1-0: SINGLE (Groundball, 56D, EV 99.4 MPH) Jose Restrepo to second
|
|
Batting: RHB Juan Montijo
|
0-0: Ball 1-0: Called Strike 1-1: Ball 2-1: Swinging Strike 2-2: Strikes out looking
|
| Top of the 9th over - 0 runs, 2 hits, 0 errors, 2 left on base; Carolina 2 - Visalia 3 |
|